 Dungeon Crawl Stone Soup version 0.26-a0-638-gcca6ad1 (webtiles) character file.

Game seed: 8463330220782186723

580 Kurtz the Chopper (level 7, -7/52 HPs)
             Began as a Mummy Chaos Knight on Sept 15, 2020.
             Was a Plaything of Xom.
             Mangled by an ogre
             ... wielding a +0 giant club
              (23 damage)
             ... on level 5 of the Dungeon.
             The game lasted 00:04:11 (5812 turns).

Kurtz the Chopper (Mummy Chaos Knight)              Turns: 5812, Time: 00:04:12

Health: -7/52      AC: 11    Str: 17    XL:     7   Next: 13%
Magic:  7/7        EV:  5    Int: 11    God:    Xom [..*...]
Gold:   266        SH:  0    Dex: 12    Spells: 6/6 levels left

rFire    x . .     SeeInvis .   a - +0 hand axe (chaos)
rCold    + . .     Faith    +   (no shield)
rNeg     + + +     Spirit   .   e - +0 plate armour
rPois    ∞         Reflect  .   i - +0 helmet
rElec    .         Harm     .   (no cloak)
rCorr    .         Rampage  .   (no gloves)
MR       .....                  (no boots)
Stlth    ..........             d - amulet of faith
HPRegen  0.17/turn              (no ring)
MPRegen  0.10/turn              (no ring)

@: no status effects
A: no potions, fire vulnerability, cold resistance 1, negative energy resistance
3, torment resistance, unbreathing
a: Renounce Religion


You were on level 5 of the Dungeon.
You worshipped Xom.
You were a toy of Xom.
You visited 1 branch of the dungeon, and saw 5 of its levels.

You collected 266 gold pieces.

Inventory:

Hand Weapons
 a - a +0 hand axe of chaos (weapon)
Missiles
 g - 4 javelins
 k - 10 poisoned darts (quivered)
 p - 7 boomerangs
Armour
 b - a +2 leather armour
 e - a +0 plate armour (worn)
 i - a +0 helmet (worn)
Jewellery
 d - an amulet of faith (around neck)
 j - an uncursed ring of ice
Wands
 l - a wand of digging (5)
Scrolls
 c - 2 scrolls of noise
 f - 2 scrolls of identify
 h - a scroll of teleportation
 m - a scroll of enchant armour
 n - a scroll of amnesia
 o - a scroll of remove curse
 q - a scroll of torment


   Skills:
 - Level 3.0 Fighting
 * Level 6.9 Axes
 - Level 1.5 Armour
 - Level 0.7 Dodging


You had 6 spell levels left.
You didn't know any spells.
Your spell library was empty.

Dungeon Overview and Level Annotations

Branches:
Dungeon (5/15)
 Temple: D:4-7

Altars:
Cheibriados
Qazlal
Wu Jian
Xom
Zin


Innate Abilities, Weirdness & Mutations

You do not drink.
Your flesh is vulnerable to fire.
You are immune to poison.
Your flesh is cold resistant. (rC+)
You are immune to negative energy. (rN+++)
You are immune to unholy pain and torment.
You can survive without breathing.


Message History

The ogre looks even sicker.
The ogre is heavily wounded.
Throwing (i - inventory. (/) - cycle)
k - 10 poisoned darts (quivered)
Press: ? - help, Shift-Dir - straight line, f/p - ogre
Aim: an ogre, wielding a +0 giant club (severely wounded, very poisoned)
Okay, then.
You barely miss the ogre.
The ogre is severely wounded.
The ogre hits you with a +0 giant club!!
A worker ant comes into view.
The worker ant twitches its antennae in your direction.
You hit the ogre. You burn the ogre.
The ogre is severely wounded.
The ogre hits you with a +0 giant club!
* * * LOW HITPOINT WARNING * * *
Found a scroll labeled WEH MINIVOMOD.
Unknown command.
The ogre hits you with a +0 giant club!!
You die...
Xom titters!

... ### ## .. ... .# #.. #.#
#.#.# #. #.. #.# #.#.#
##.#.(####.###.#.# # .
......(..........#.# .#
#.#.............#.#..#
.....#.#####............
..........aO@.............
##.#.$#.#####..#...#..##..###
............................
...#.........................
## #....#.###.##......##.....
?.......###.†..............
............................
#.#................####.....
..<######.............


You could see an ogre (very poisoned) and a worker ant.

Vanquished Creatures
  A scorpion (D:5)
  A hound (D:3)
  2 orc wizards (D:4)
  2 orc priests (D:4)
  A centaur skeleton (D:4)
  A bullfrog skeleton (D:5)
  An iguana (D:4)
  3 worker ants
  Robin (D:2)
  3 adders
  7 gnolls
  A white imp (D:3)
  An ooze (D:2)
  A dart slug (D:1)
  3 leopard geckos
  9 orcs
  4 giant cockroaches
  14 goblins
  9 hobgoblins
  8 jackals
  6 quokkas
  A ball python (D:4)
  4 bats
  10 frilled lizards
  8 kobolds
  7 rats
109 creatures vanquished.

Notes
Turn   | Place    | Note
-------+----------+-------------------------------------------
     0 | D:1      | Kurtz the Mummy Chaos Knight began the quest for the Orb.
     0 | D:1      | Reached XP level 1. HP: 18/18 MP: 1/1
   479 | D:1      | Reached XP level 2. HP: 24/24 MP: 2/2
   539 | D:1      | Reached skill level 3 in Axes
   754 | D:1      | XOM: potion effect (brilliance)
  1357 | D:2      | XOM: noise
  1423 | D:2      | XOM: divination: magic mapping
  1430 | D:2      | Reached XP level 3. HP: 29/29 MP: 3/3
  1520 | D:2      | Noticed Robin
  1536 | D:2      | Killed Robin
  2102 | D:2      | Reached skill level 4 in Axes
  2235 | D:3      | Reached XP level 4. HP: 32/35 MP: 4/4
  2502 | D:3      | Found a stormy altar of Qazlal.
  3095 | D:3      | XOM: god gift: scroll labeled COSAFA DUSHROE {god gift}
  3117 | D:4      | XOM: stealth player
  3138 | D:3      | Reached XP level 5. HP: 20/41 MP: 5/5
  3311 | D:3      | Reached skill level 5 in Axes
  3346 | D:4      | You fall into a shaft and drop 1 floor!
  3346 | D:5      | Entered Level 5 of the Dungeon
  3395 | D:5      | Found a shimmering altar of Xom.
  3421 | D:5      | XOM: potion effect (might)
  3880 | D:4      | Reached XP level 6. HP: 25/47 MP: 6/6
  3887 | D:4      | XOM: enchant monster (bad)
  3892 | D:4      | HP: 1/47 [something (7)]
  3893 | D:4      | XOM: confuse monster(s)
  4095 | D:3      | XOM: noise
  4315 | D:4      | Found a snail-covered altar of Cheibriados.
  4316 | D:4      | Found a glowing silver altar of Zin.
  4316 | D:4      | Found an ornate altar of the Wu Jian Council.
  4373 | D:4      | XOM: divination: detect items
  4525 | D:4      | XOM: god gift: scroll labeled POLIMMU EHYTIO {god gift}
  4540 | D:4      | Reached skill level 6 in Axes
  4648 | D:4      | XOM: god gift: scroll of noise
  5253 | D:4      | XOM: silly message
  5467 | D:5      | XOM: cloud trail
  5664 | D:5      | Reached XP level 7. HP: 51/52 MP: 7/7
  5744 | D:5      | XOM: enchant monster (good)
  5798 | D:5      | XOM: summons friendly ufetubus
  5812 | D:5      | Mangled by an ogre

Illustrated notes

Levels and vault maps discovered:
D:1:      lightli_iron_boxes, layout_basic
D:2:      layout_loops_ring, minmay_misc_feat_more_columns, uniq_robin
D:3:      layout_basic, lemuel_doored_altar
D:4:      mumra_celtic_spiral_tile, layout_gridville,
          chequers_temple_overflow_statue_of_worship, minmay_crystal_water
D:5:      layout_basic, dancing_weapons_uskayaw, basic_altar, minmay_shop_mass

Skill      XL: |  1  2  3  4  5  6 |
---------------+-------------------+-----
Axes           | 3 4 5 6 |  6.9
Fighting       | |  3.0
Armour         | |  1.5
Dodging        | |  0.7

Action                   |  1- 3 |  4- 6 |  7- 9 || total
-------------------------+-------+-------+-------++-------
Melee: Hand axe          |   138 |   239 |    10 ||   387
Throw: Dart              |       |       |     3 ||     3
       Javelin           |       |       |     1 ||     1
  Use: Scroll            |       |     7 |       ||     7
 Stab: Petrified         |       |     2 |       ||     2
       Distracted        |       |     1 |       ||     1
       Confused          |       |     1 |       ||     1
       Petrifying        |       |     1 |       ||     1
Armor: Plate armour      |    94 |   199 |     3 ||   296
       Leather armour    |    11 |       |       ||    11
Dodge: Dodged            |    31 |    61 |       ||    92

Table legend: (Time is in decaauts)
 A = Elapsed time spent in this place.
 B = Non-inter-level travel time spent in this place.
 C = Inter-level travel time spent in this place.
 D = Time resting spent in this place.
 E = Time spent auto-exploring this place.
 F = Levels seen in this place.
 G = Mean time per level.
                   A        B        C        D        E       F      G
               +--------+--------+--------+--------+--------+-----+--------+
         Total |   5845 |   5714 |    131 |   1537 |   3329 |   5 | 1169.0 |
       Dungeon |   5845 |   5714 |    131 |   1537 |   3329 |   5 | 1169.0 |
               +--------+--------+--------+--------+--------+-----+--------+

Top non-repeatable levels by time:
     D:4: 1595 daAuts
     D:3: 1501 daAuts
     D:1: 1301 daAuts
     D:2: 885 daAuts
     D:5: 562 daAuts
